 Dungeon Crawl Stone Soup version 0.31.0-9-g3a7656b989 (webtiles) character file.

Game seed: 7034123728551835152

85 qw the Shooter (level 4, 0/22 HPs)
             Began as a Spriggan Hunter on Feb 2, 2024.
             Frozen to death by an endoplasm (4 damage)
             ... on level 3 of the Dungeon.
             The game lasted 00:00:05 (1755 turns).

qw the Shooter (Spriggan Hunter)                    Turns: 1755, Time: 00:00:06

Health: 0/22       AC:  2    Str:  7    XL:     4   Next: 25%
Magic:  0/5        EV: 20    Int: 10    God:
Gold:   119        SH:  0    Dex: 20    Spells: 3/3 levels left

rFire   . . .        a - +0 shortbow
rCold   . . .        (shield currently unavailable)
rNeg    . . .        c - +0 robe
rPois   .            (helmet restricted)
rElec   .            (no cloak)
rCorr   .            (gloves unavailable)
SInv    +            (boots unavailable)
Will    .....        f - amulet of guardian spirit
Stlth   ++           (no ring)
HPRegen 0.23/turn    (no ring)
MPRegen 0.09/turn

%: guardian spirit
@: very quick
A: very small, no large weapons, unfitting armour, see invisible, speed 3
a: no special abilities


You were on level 3 of the Dungeon.
You visited 1 branch of the dungeon, and saw 3 of its levels.

You collected 119 gold pieces.


Innate Abilities, Weirdness & Mutations

You are very small and have problems with some larger weapons.
You are too small for most types of armour.
You have supernaturally acute eyesight. (SInv)
You cover ground extremely quickly. (Speed+++)


   Skills:
 - Level 1.5 Fighting
 - Level 5.0 Ranged Weapons
 + Level 4.7 Dodging
 - Level 1.5 Stealth


You had 3 spell levels left.
You didn't know any spells.
Your spell library was empty.

Inventory:

Hand Weapons
 a - a +0 shortbow (weapon)
Armour
 c - a +0 robe (worn)
Jewellery
 e - a ring of fire
 f - an amulet of guardian spirit (around neck)
Scrolls
 d - a scroll of fear {unknown}
 g - a scroll of teleportation {unknown}
 h - a scroll of enchant weapon {unknown}
Potions
 b - a potion of curing

Dungeon Overview and Level Annotations

Branches:
Dungeon (3/15)

Altars:

Annotations:
D:3 Sigmund


Message History

You kill the ribbon worm!
h - a scroll labelled KOZXES ACKIEXU Sigmund the Dreaded comes into view.
He is wielding a +1 scythe of flaming.
You shoot an arrow. The arrow hits Sigmund.
Sigmund shouts!
Sigmund is lightly wounded.
You shoot an arrow. The arrow closely misses Sigmund.
An endoplasm comes into view.
Sigmund casts a spell.
Sigmund flickers and vanishes for a moment.
You shoot an arrow.
The arrow hits Sigmund but does no damage.
Sigmund is lightly wounded.
You shoot an arrow. The arrow closely misses Sigmund.
The arrow hits the endoplasm!
You kill the endoplasm!
Sigmund screams, "Don't try to resist!"
Sigmund closely misses you.
You shoot an arrow. The arrow hits Sigmund!
Sigmund is heavily wounded.
Sigmund completely misses you.
You shoot an arrow. The arrow barely misses Sigmund.
Sigmund hits you from afar with a +1 scythe of flaming.
Sigmund burns you.
You shoot an arrow. The arrow closely misses Sigmund.
An endoplasm comes into view.
You shoot an arrow. The arrow hits Sigmund.
Sigmund is severely wounded.
Sigmund points at you and mumbles some strange words.
The puff of flame hits you!
Ouch! That really hurt!
You shoot an arrow. The arrow barely misses Sigmund.
Sigmund hits you from afar with a +1 scythe of flaming.
Sigmund burns you.
The endoplasm jiggles.
You shoot an arrow. The arrow hits the endoplasm.
The endoplasm is moderately wounded.
The endoplasm freezes you.
You are frozen.
You die...

##########
........#
#.##.#.## #..
#.@.....# #.#
#J##%#..# #.# ..@
#.#..####.# ##..
#.#.....#.# ...
#.#...<...#
..........##.#.#
###........##...#
#.###########.#
#.###########.#


You could see Sigmund (invisible) and an endoplasm.

Vanquished Creatures
  3 adders (D:2)
  2 dart slugs (D:2)
  2 ribbon worms (D:3)
  An endoplasm (D:3)
  3 giant cockroaches
  5 goblins
  2 hobgoblins (D:1)
  5 jackals
  3 kobolds
  6 quokkas
  2 ball pythons (D:2)
  6 bats
  A frilled lizard (D:1)
  5 rats
46 creatures vanquished.

Notes
Turn   | Place    | Note
-------+----------+-------------------------------------------
     0 | D:1      | qw the Spriggan Hunter began the quest for the Orb.
     0 | D:1      | Reached XP level 1. HP: 10/10 MP: 2/2
     0 | D:1      | 0 ||| qw: Version: 0.3-a-155-g5e7d8dd
     0 | D:1      | 0 ||| qw: Game counter: 1032
     0 | D:1      | 0 ||| qw: Melee chars always use a shield: true
     0 | D:1      | 0 ||| qw: God list: Okawaru
     0 | D:1      | 0 ||| qw: Allow faded altars: false
     0 | D:1      | 0 ||| qw: Do Orc after clearing Dungeon:15 true
     0 | D:1      | 0 ||| qw: Do second Lair branch before Depths: true
     0 | D:1      | 0 ||| qw: Lair rune preference: random
     0 | D:1      | 0 ||| qw: Goals: Normal
     0 | D:1      | 0 ||| PLANNING D:1-11
   108 | D:1      | HP: 1/10 [jackal (3)]
   111 | D:1      | Reached skill level 3 in Dodging
   243 | D:1      | Reached XP level 2. HP: 14/14 MP: 3/3
   411 | D:1      | HP: 3/14 [quokka (1)]
   413 | D:1      | HP: 1/14 [quokka (3)]
   760 | D:1      | 760 ||| UPGRADING to amulet of guardian spirit.
   765 | D:1      | 765 ||| READING 2 scrolls labelled RILLAXK SUOFUI.
   766 | D:1      | 766 ||| DROPPING scroll of butterflies.
   886 | D:2      | Reached XP level 3. HP: 18/18 MP: 4/4
  1135 | D:2      | Reached skill level 5 in Ranged Weapons
  1477 | D:2      | Reached XP level 4. HP: 22/22 MP: 5/5
  1639 | D:2      | 1639 ||| READING 2 scrolls of identify.
  1639 | D:2      | 1639 ||| IDENTIFYING metallic sapphire potion
  1640 | D:2      | 1640 ||| READING scroll of identify.
  1640 | D:2      | 1640 ||| IDENTIFYING scroll labelled IHISHRA VEXOE
  1641 | D:2      | 1641 ||| DROPPING scroll of noise.
  1745 | D:3      | Noticed Sigmund
  1754 | D:3      | HP: 4/22 [Sigmund/+1 scythe of flaming (2)]
  1755 | D:3      | Frozen to death by an endoplasm

Levels and vault maps discovered:
D:1:      minmay_arrival_diagonal_passages, layout_loops_ring, minivault_27
D:2:      layout_basic
D:3:      layout_basic, makhleb_altar_promises_db,
          shapermc_ecumenical_altar_rom_forum, nicolae_the_louvre, uniq_sigmund

Skill      XL: |  1  2  3 |
---------------+----------+-----
Dodging        | 3 4 |  4.7
Ranged Weapons | 5 |  5.0
Fighting       | |  1.5
Stealth        | |  1.5

Action                     |  1- 3 |  4- 6 || total
---------------------------+-------+-------++-------
   Fire: Shortbow          |   104 |    23 ||   127
    Use: Scroll            |     1 |     2 ||     3
 Armour: Robe              |    14 |     4 ||    18
  Dodge: Dodged            |    49 |     2 ||    51

Table legend:
 A = Non-vault XP
 B = Vault XP
 C = Vault XP percentage of total XP
 D = Non-vault monster count
 E = Vault monster count
 F = Vault count percentage of total count
                 A         B        C        D         E       F
            +---------+---------+-------+---------+---------+-------
      Total |     122 |       0 |   0.0 |      46 |       0 |   0.0
            +---------+---------+-------+---------+---------+-------
        D:1 |      31 |       0 |   0.0 |      17 |       0 |   0.0
        D:2 |      76 |       0 |   0.0 |      23 |       0 |   0.0
        D:3 |      15 |       0 |   0.0 |       6 |       0 |   0.0
            +---------+---------+-------+---------+---------+-------
